 Dungeon Crawl Stone Soup version 0.19.5 (webtiles) character file.

100 Azzok the Skirmisher (level 4, -2/41 HPs)
             Began as a Centaur Fighter on May 30, 2017.
             Killed from afar by an orc wizard (7 damage)
             ... with a magic dart
             ... on level 3 of the Dungeon.
             The game lasted 00:04:49 (2073 turns).

Azzok the Skirmisher (Centaur Fighter)              Turns: 2073, Time: 00:04:50

Health: -2/41      AC:  6    Str: 19    XL:     4   Next: 46%
Magic:  4/4        EV:  5    Int:  7    God:
Gold:   247        SH:  8    Dex:  9    Spells: 0 memorised, 3 levels left

rFire  . . .     SeeInvis .     a - +0 long sword
rCold  . . .     Gourm    .     b - +0 scale mail
rNeg   . . .     Faith    .     c - +0 shield
rPois  .         Spirit   .     (no helmet)
rElec  .         Reflect  .     (no cloak)
rCorr  .         Harm     .     (no gloves)
MR     .....                    (no barding)
Stlth  ..........               (no amulet)
                                (no ring)
                                (no ring)

@: very quick
A: hooves 3, deformed body, speed 2, tough skin 3
a: no special abilities


You were on level 3 of the Dungeon.
You were not hungry.

You visited 1 branch of the dungeon, and saw 3 of its levels.

You collected 247 gold pieces.

Inventory:

Hand Weapons
 a - a +0 long sword (weapon)
Armour
 b - a +0 scale mail (worn)
 c - a +0 shield (worn)
Wands
 g - a wand of flame (15/48)
Scrolls
 j - a scroll of fog {unknown}
 n - a scroll of remove curse {unknown}
 o - a scroll of recharging {unknown}
 p - 4 scrolls of identify {unknown}
 q - a scroll of random uselessness {unknown}
 u - 3 scrolls of enchant armour {unknown}
Potions
 d - a potion of might
 e - a potion of ambrosia {unknown}
 k - 2 potions of flight {unknown}
 l - a potion of heal wounds {unknown}
 m - a potion of curing {unknown}
 s - 2 potions of magic {unknown}
 t - 2 potions of agility {unknown}
Comestibles
 f - 3 bread rations {@e1}
 h - 6 fruits
 i - a beef jerky
 r - a meat ration {@e2}
 v - 2 chunks of flesh {@w0}


   Skills:
 * Level 4.6 Fighting
 + Level 2.8 Long Blades
 - Level 2.1 Armour
 - Level 2.1 Shields


You had 3 spell levels left.
You didn't know any spells.

Dungeon Overview and Level Annotations

Branches:
Dungeon (3/15)

Altars:
Gozag
Hepliaklqana


Innate Abilities, Weirdness & Mutations

You have hooves in place of feet.
Armour fits poorly on your strangely shaped body.
You cover ground very quickly.
You have extremely tough skin. (AC +3)


Message History

You bump into the rock wall.
You hear some strange, mumbled words.
A magic dart appears from out of thin air!
The magic dart hits you!
* * * LOW HITPOINT WARNING * * *
You take 2 damage, and have 7/41 hp.
You bump into the rock wall.
Something hits you but does no damage.
You bump into the rock wall.
Something hits you but does no damage.
You hear some strange, mumbled words.
A puff of flame appears from out of thin air!
The puff of flame hits you!
* * * LOW HITPOINT WARNING * * *
Things that are here:
a whip; 2 stones; a kobold corpse You take 3 damage, and have 5/41 hp.
You bump into the rock wall.
You feel less confused.
A magic dart appears from out of thin air!
The magic dart hits you!
You die...

▒▒▒▒▒▒▒▒▒▒··▒▒·▒
·▒·▒ ▒··▒▒·▒
▒▒▒▒▒▒·····
▒··▒▒·▒▒▒▒·········▒
▒··▒▒·▒········{·▒
▒··▒▒·▒·▒▒)▒▒▒▒·▒▒
▒··▒▒·▒·▒▒o▒
▒·····▒·▒▒)▒
▒·····<·▒▒{▒▒▒▒·▒
▒······@········▒
▒·▒▒▒▒▒▒···▒▒▒▒▒▒
▒·▒ ▒·▒▒▒ ▒·· ··· ▒▒
▒▒··▒ ▒··▒ ▒··▒ ▒··▒


There were no monsters in sight!

Vanquished Creatures
  5 adders
  3 dart slugs (D:1)
  3 orcs (D:3)
  2 giant cockroaches
  2 goblins
  6 hobgoblins
  7 kobolds
  A quokka (D:2)
  5 bats
  6 frilled lizards
  10 rats
  A fungus (D:2)
51 creatures vanquished.

Notes
Turn   | Place    | Note
-------+----------+-------------------------------------------
     0 | D:1      | Azzok the Centaur Fighter began the quest for the Orb.
     0 | D:1      | Reached XP level 1. HP: 19/19 MP: 1/1
   251 | D:1      | Reached XP level 2. HP: 26/26 MP: 2/2
   881 | D:2      | Reached XP level 3. HP: 33/33 MP: 3/3
   885 | D:2      | Found a hazy altar of Hepliaklqana.
  1059 | D:2      | Reached skill level 4 in Fighting
  1337 | D:2      | Reached XP level 4. HP: 35/41 MP: 4/4
  1918 | D:3      | Found an opulent altar of Gozag.
  2073 | D:3      | Killed from afar by an orc wizard

Skill      XL: |  1  2  3 |
---------------+----------+-----
Long Blades    | 2 |  2.8
Fighting       | 4 |  4.6
Armour         | |  2.1
Shields        | |  2.1

Action                   |  1- 3 |  4- 6 || total
-------------------------+-------+-------++-------
Melee: Long sword        |   123 |    53 ||   176
       Kick              |    22 |    12 ||    34
  Eat: Chunk             |     1 |     2 ||     3
Armor: Scale mail        |    69 |    16 ||    85
Dodge: Dodged            |    39 |     7 ||    46
Block: Shield            |    54 |    13 ||    67
       Rpst.: Long sword |     6 |     2 ||     8
